 Dungeon Crawl Stone Soup version 0.19.0-9-gfd783f2 (webtiles) character file.

74844 kctier the Protected (level 15, 0/110 HPs)
             Began as a Demonspawn Fighter on Nov 7, 2016.
             Was a High Priest of Okawaru.
             Slain by a dire elephant (16 damage)
             ... on level 6 of the Lair of Beasts.
             The game lasted 00:48:09 (27959 turns).

kctier the Protected (Demonspawn Fighter)          Turns: 27959, Time: 00:48:10

Health: 0/110      AC: 27    Str: 18    XL:     15   Next: 8%
Magic:  21/21      EV: 16    Int: 13    God:    Okawaru [*****.]
Gold:   718        SH:  0    Dex: 16    Spells: 0 memorised, 14 levels left

rFire  . . .     SeeInvis .     b - +10 scimitar of the Gnat {flame, rElec MR+ Str-2 Int+4}
rCold  + + +     Gourm    .     e - +3 scale mail {rC+}
rNeg   . . .     Faith    .     P - +2 shield {reflect}
rPois  +         Spirit   .     (helmet restricted)
rElec  +         Reflect  +     K - +2 cloak {rPois}
rCorr  .         Harm     .     m - +1 pair of gloves
MR     ++...                    I - +1 pair of boots {run}
Stlth  ..........               D - amulet of rage
                                c - +3 ring of evasion
                                N - ring of protection from cold

@: confused, heroism, finesse, quick
A: horns 1, icy blue scales 3, demonic guardian 1, powered by death 1
a: Heroism, Finesse, Renounce Religion, Evoke Berserk Rage


You were on level 6 of the Lair of Beasts.
You worshipped Okawaru.
Okawaru was extremely pleased with you.
You were not hungry.

You visited 3 branches of the dungeon, and saw 22 of its levels.

You collected 1077 gold pieces.
You spent 359 gold pieces at shops.

Inventory:

Hand Weapons
 b - the +10 scimitar of the Gnat (weapon) {flame, rElec MR+ Str-2 Int+4}
   (Okawaru gifted it to you on level 12 of the Dungeon)

   It has been specially enchanted to burn those struck by it, causing extra
   injury to most foes and up to half again as much damage against particularly
   susceptible opponents.
   Big, fiery blades are also staple armaments of hydra-hunters.
   It affects your strength (-2).
   It affects your intelligence (+4).
   It insulates you from electricity.
   It affects your resistance to hostile enchantments.
Missiles
 F - 3 throwing nets (quivered)
Armour
 e - a +3 scale mail of cold resistance (worn)
 m - a +1 pair of gloves (worn)
 x - the +2 helmet of Charity {MR+ Str+4}
   (You found it on level 5 of the Lair of Beasts)

   It affects your strength (+4).
   It affects your resistance to hostile enchantments.
 I - a +1 pair of boots of running (worn)
 K - a +2 cloak of poison resistance (worn)
 P - a +2 shield of reflection (worn)
 U - a +2 cloak of invisibility
Jewellery
 c - a +3 ring of evasion (right hand)
 D - an amulet of rage (around neck)
 N - a ring of protection from cold (left hand)
Wands
 a - a wand of polymorph (12/24)
 o - a wand of paralysis (14/24)
 r - a wand of digging (8/24)
 y - a wand of flame (22/48)
 C - a wand of enslavement (6/24)
 L - a wand of slowing (21/48)
 O - a wand of teleportation (6/9)
Scrolls
 d - 6 scrolls of teleportation
 g - 5 scrolls of remove curse
 i - 6 scrolls of fear
 l - 6 scrolls of immolation
 q - a scroll of blinking
 s - 2 scrolls of amnesia
 v - 7 scrolls of recharging
 Q - 3 scrolls of vulnerability
Potions
 k - 6 potions of curing
 p - a potion of cure mutation
 t - 4 potions of invisibility
 u - 2 potions of flight
 w - 2 potions of magic
 z - 4 potions of heal wounds
 A - a potion of berserk rage
 E - 2 potions of cancellation
 J - 2 potions of lignification {unknown}
 M - 5 potions of haste {unknown}
 R - 2 potions of agility
 T - a potion of ambrosia
Comestibles
 f - 8 bread rations
 h - 10 fruits
 j - 4 meat rations
 n - 5 beef jerkies
 B - 8 slices of pizza
 G - 4 chunks of flesh


   Skills:
 - Level 8.1(13.1) Fighting
 + Level 13.0(18.0) Long Blades
 - Level 13.1(18.1) Armour
 - Level 13.0(18.0) Shields
 - Level 6.3 Invocations
 - Level 8.0 Evocations


You had 14 spell levels left.
You didn't know any spells.

Dungeon Overview and Level Annotations

Branches:
Dungeon (15/15)            Temple (1/1) D:7            Lair (6/6) D:8
 Shoals (0/4) Lair:4        Snake (0/4) Lair:4          Orc (0/2) D:11
 Vaults (0/5) D:14         Depths (0/5) D:15
  Slime: Lair:5-6

Altars:
Cheibriados
Dithmenos
Elyvilon
Hepliaklqana
Kikubaaqudgha
Nemelex Xobeh
Okawaru
Ru
Sif Muna
Trog
Uskayaw
Xom
Yredelemnul
Zin
The Shining One

Shops:
D:10 *   D:13 =

Portals:
Trove: D:12 (give 5 potions of cure mutation)

Annotations:
D:15 Rupert
Lair:5 exclusion: oklob plant
Lair:6 1 runed door


Innate Abilities, Weirdness & Mutations

You have a pair of small horns on your head.
You are completely covered in icy blue scales. (AC +4, rC+)
A weak demonic guardian rushes to your aid.
You regenerate a little health from kills.


Message History

The dire elephant tramples you!!
* * * LOW HITPOINT WARNING * * *
You hold your ground!
The dire elephant trunk-slaps you but does no damage.
The polar bear bites you but does no damage.
The polar bear claws you but does no damage.
The polar bear claws you.
* * * LOW HITPOINT WARNING * * *
The merfolk avatar chants its luring song.
Your unstable footing causes you to fumble your attack.
The elephant tramples you!
* * * LOW HITPOINT WARNING * * *
You are shoved backwards!
Splash!
You bump into the stone wall.
You break out of your daze!
The elephant barely misses you.
The elephant trunk-slaps you but does no damage.
You bump into the stone wall.
The dire elephant tramples you!
You die...

≈≈≈#≈ #≈≈≈≈≈≈#≈≈
≈≈≈≈#8≈≈≈≈≈≈≈≈ ..
P≈≈#####...## ..≈
#≈≈#.≈≈≈≈≈ ≈≈
#≈.##≈≈#≈≈≈≈##≈≈≈
###≈≈≈P≈#≈≈≈≈≈≈≈≈≈
#≈#.≈≈PP#†h≈≈"([$≈
#≈≈.##≈#.YY≈m[≈≈"≈
#.≈.≈#≈≈.@#≈≈/≈≈$≈ ##
#..≈≈≈≈†.≈#≈≈:[}$≈
P.##.####≈≈≈≈≈≈#≈≈≈≈≈≈≈≈≈
...$..#..#P≈#≈≈#P≈≈≈≈≈≈≈≈
..........≈##P≈#8≈≈≈≈≈≈≈≈
...........≈≈≈≈#####≈≈≈≈#
...........≈≈≈≈# P≈≈≈≈
..........≈≈#≈≈#≈≈≈≈≈≈8≈P
..........≈##≈≈#≈≈≈≈≈≈≈≈


You could see a dire elephant, a merfolk avatar, an elephant and a polar bear.

Vanquished Creatures
  A ghoul (D:14)
  Fannar (D:12)
  14 hydras
  Harold (Lair:2)
  A catoblepas (Lair:3)
  3 centaur warriors
  6 death yaks (Lair:3)
  2 skeletal warriors (D:14)
  2 unseen horrors
  5 hill giants
  2 wizards (D:14)
  A lindwurm (Lair:6)
  2 wolf spider zombies
  A harpy (Lair:6)
  4 manticores
  3 ugly things
  2 black mambas
  2 sirens (Lair:4)
  10 elephants
  A torpor snail (Lair:6)
  A cyclops (D:12)
  A gargoyle (D:13)
  16 spiny frogs
  6 rime drakes
  A freezing wraith (D:14)
  An efreet (D:14)
  6 komodo dragons
  A guardian mummy (D:14)
  3 meliai (D:14)
  2 merfolk (Lair:4)
  5 trolls
  A hornet (Lair:6)
  7 polar bears (Lair:6)
  6 slime creatures
  2 two-headed ogres
  A blink frog (shapeshifter) (D:13)
  5 blink frogs (Lair:4)
  11 hippogriffs
  2 meliai zombies
  Sigmund (D:5)
  A shadow (D:11)
  A spriggan (D:11)
  A wraith (D:10)
  5 wyverns
  A vampire (D:14)
  2 water elementals (D:15)
  28 yaks
  3 basilisks
  A hungry ghost (D:8)
  2 steam dragons
  3 mottled dragons
  3 vampire mosquitoes (D:14)
  Menkaure (D:4)
  4 nagas (Lair:4)
  20 water moccasins
  A hornet zombie (D:14)
  Duvessa (D:4)
  7 porcupines
  4 orc warriors
  2 ice beasts
  3 sky beasts
  2 black bears
  5 ogres
  7 necrophages (Lair:3)
  2 eyes of draining
  3 phantoms
  10 centaurs
  13 crocodiles
  17 bullfrogs
  2 big kobolds
  Dowan (D:4)
  A wyvern zombie (D:11)
  A water moccasin zombie (D:10)
  6 scorpions
  A water moccasin skeleton (D:7)
  6 killer bees (D:11)
  8 wights
  An electric eel (Lair:4)
  6 howler monkeys
  2 bullfrog zombies
  4 crimson imps
  A quasit (D:7)
  4 hounds
  8 centaur zombies
  A jelly (D:6)
  3 centaur skeletons
  4 orc priests
  2 iguanas
  3 bullfrog skeletons
  14 orc wizards
  10 worker ants
  A killer bee zombie (D:2)
  5 mummies (D:14)
  A worker ant zombie (D:6)
  6 gnolls
  15 adders
  2 river rats (D:8)
  2 shadow imps
  An ooze (D:1)
  2 adder skeletons
  3 adder zombies
  3 worms
  A dart slug (D:4)
  8 leopard geckos
  31 orcs
  2 ball pythons
  5 giant cockroaches
  4 goblins
  4 hobgoblins
  6 jackals
  9 quokkas
  11 bats
  4 frilled lizards
  9 kobolds
  A quokka skeleton (D:6)
  15 rats
  A fungus (Lair:5)
537 creatures vanquished.

Vanquished Creatures (collateral kills)
  Gastronok (D:9)
  Erolcha (D:9)
  A hill giant (D:13)
  A cyclops (D:14)
  A troll (D:8)
  A hippogriff (D:11)
  A mottled dragon (D:14)
  An ogre (D:10)
  A scorpion (D:7)
  A bullfrog zombie (D:10)
  2 orc priests
  An orc wizard (D:5)
  2 gnolls (D:2)
  An adder (D:4)
  A shadow imp (D:5)
  3 orcs
  A bat (D:8)
  A kobold (D:10)
  A quokka (D:7)
  2 rats (D:8)
25 creatures vanquished.

Vanquished Creatures (others)
  8 fungi
  11 plants
  2 withered plants (D:15)
21 creatures vanquished.

Grand Total: 583 creatures vanquished

Notes
Turn   | Place    | Note
-------+----------+-------------------------------------------
     0 | D:1      | kctier the Demonspawn Fighter began the quest for the Orb.
     0 | D:1      | Reached XP level 1. HP: 18/18 MP: 1/1
   433 | D:1      | Gained mutation: A weak demonic guardian rushes to your aid. [demonic ancestry]
   433 | D:1      | Reached XP level 2. HP: 20/24 MP: 2/2
   996 | D:2      | Found a shadowy altar of Dithmenos.
  1257 | D:2      | Reached XP level 3. HP: 29/29 MP: 3/3
  1543 | D:2      | HP: 1/29 [poisoned by an adder]
  1895 | D:2      | Reached XP level 4. HP: 12/35 MP: 4/4
  3021 | D:3      | Reached XP level 5. HP: 41/41 MP: 5/5
  3518 | D:4      | Reached skill level 5 in Long Blades
  3781 | D:4      | Noticed Menkaure
  4228 | D:4      | Killed Menkaure
  4228 | D:4      | Gained mutation: You are partially covered in icy blue scales. (AC +2) [demonic ancestry]
  4228 | D:4      | Reached XP level 6. HP: 32/47 MP: 6/6
  4580 | D:4      | Reached skill level 5 in Armour
  4668 | D:4      | Reached XP level 7. HP: 20/52 MP: 7/7
  5091 | D:4      | Noticed Duvessa
  5093 | D:4      | Noticed Dowan
  5101 | D:4      | Killed Duvessa
  5110 | D:4      | Killed Dowan
  5313 | D:5      | Entered Level 5 of the Dungeon
  5457 | D:5      | Noticed Sigmund
  6224 | D:5      | Reached XP level 8. HP: 45/58 MP: 8/8
  6347 | D:5      | Killed Sigmund
  6347 | D:5      | Reached skill level 5 in Shields
  7269 | D:6      | Found a white marble altar of Elyvilon.
  7270 | D:6      | Found a hide-covered altar of Uskayaw.
  7538 | D:6      | Found a deep blue altar of Sif Muna.
  7593 | D:6      | Found a sacrificial altar of Ru.
  7595 | D:6      | Found a snail-covered altar of Cheibriados.
  8267 | D:7      | Gained mutation: You are mostly covered in icy blue scales. (AC +3) [demonic ancestry]
  8267 | D:7      | Reached XP level 9. HP: 48/63 MP: 9/9
  8452 | D:7      | Found a staircase to the Ecumenical Temple.
  8642 | Temple   | Entered the Ecumenical Temple
  8764 | Temple   | Became a worshipper of Warmaster Okawaru
  9113 | D:8      | Noticed a troll
  9125 | D:8      | Killed a troll
  9596 | D:8      | Reached * piety under Okawaru
 10070 | D:8      | Found a staircase to the Lair.
 10387 | D:8      | Found a sacrificial altar of Ru.
 10865 | D:9      | Noticed a centaur warrior
 10896 | D:9      | Killed a centaur warrior
 10896 | D:9      | Reached ** piety under Okawaru
 11168 | D:9      | Found a deep blue altar of Sif Muna.
 11220 | D:9      | Noticed Gastronok
 11224 | D:9      | Reached XP level 10. HP: 68/70 MP: 7/10
 11264 | D:9      | Killed Gastronok
 11264 | D:9      | Reached *** piety under Okawaru
 11628 | D:9      | Noticed Erolcha
 11638 | D:9      | Killed Erolcha
 11638 | D:9      | Reached skill level 10 in Shields
 11987 | D:10     | Entered Level 10 of the Dungeon
 11997 | D:10     | Reached **** piety under Okawaru
 12170 | D:10     | Found Hoeph's Assorted Antiques.
 12179 | D:10     | Bought a runed cloak for 262 gold pieces
 12194 | D:10     | Bought a pink potion for 22 gold pieces
 12196 | D:10     | Bought a scroll of teleportation for 75 gold pieces
 12226 | D:10     | Noticed a hill giant
 12242 | D:10     | Killed a hill giant
 12265 | D:10     | Noticed a manticore
 12336 | D:10     | Killed a manticore
 12336 | D:10     | Reached XP level 11. HP: 75/75 MP: 8/11
 12385 | D:10     | Got an ancient ring mail
 12396 | D:10     | Identified the cursed +0 ring mail of Daisies {rElec rCorr Dex-3} (You found it on level 10 of the Dungeon)
 13030 | D:10     | Noticed a hill giant
 13177 | D:10     | Reached skill level 1 in Evocations
 13543 | D:11     | Noticed a six-headed hydra
 13558 | D:11     | Killed a six-headed hydra
 13735 | D:11     | Found a staircase to the Orcish Mines.
 13925 | D:11     | Reached skill level 5 in Evocations
 14335 | D:11     | Reached ***** piety under Okawaru
 14435 | D:11     | Noticed a hill giant
 14469 | D:11     | Killed a hill giant
 14929 | D:12     | Noticed a five-headed hydra
 15327 | D:12     | Found a portal to a secret trove of treasure.
 15358 | D:12     | Reached skill level 10 in Armour
 15425 | D:12     | Noticed Fannar
 15455 | D:12     | Killed Fannar
 15535 | D:12     | Killed a five-headed hydra
 15535 | D:12     | Received a gift from Okawaru
 15535 | D:12     | Reached skill level 10 in Long Blades
 15551 | D:12     | Got a translucent scimitar {god gift}
 15552 | D:12     | Identified the +10 scimitar of the Gnat {flame, rElec MR+ Str-2 Int+4} (Okawaru gifted it to you on level 12 of the Dungeon)
 15751 | D:12     | Noticed a purple ugly thing
 15762 | D:12     | Killed a purple ugly thing
 15967 | D:12     | Killed an unseen horror
 16260 | D:12     | Gained mutation: You are completely covered in icy blue scales. (AC +4, rC+) [demonic ancestry]
 16260 | D:12     | Reached XP level 12. HP: 81/81 MP: 15/15
 16802 | D:13     | Found Netiw's Jewellery Shop.
 16871 | D:13     | Noticed a six-headed hydra
 16879 | D:13     | Killed a two-headed hydra
 16879 | D:13     | Received a gift from Okawaru
 16973 | D:13     | Identified a +0 pair of boots of running (Okawaru gifted it to you on level 13 of the Dungeon)
 17068 | D:13     | Identified the Volume of Intoxication and Enhancements
 17206 | D:13     | Noticed a four-headed hydra
 17211 | D:13     | Killed a one-headed hydra
 17380 | D:14     | Noticed a centaur warrior
 17384 | D:14     | Noticed a centaur warrior
 17397 | D:14     | Killed a centaur warrior
 17560 | D:13     | Killed a centaur warrior
 17560 | D:13     | Reached skill level 5 in Fighting
 18194 | D:14     | Noticed a ghoul
 18305 | D:14     | Killed a ghoul
 18319 | D:14     | Received a gift from Okawaru
 18566 | D:14     | Gained mutation: You regenerate a little health from kills. [demonic ancestry]
 18566 | D:14     | Reached XP level 13. HP: 84/98 MP: 14/16
 19062 | D:14     | Found a gate to the Vaults.
 19818 | D:15     | Entered Level 15 of the Dungeon
 20453 | D:15     | Noticed Rupert
 21018 | Lair:1   | Entered Level 1 of the Lair of Beasts
 21408 | Lair:1   | Received a gift from Okawaru
 22573 | Lair:2   | Noticed Harold
 22584 | Lair:2   | Killed Harold
 23224 | Lair:3   | Reached XP level 14. HP: 104/105 MP: 14/17
 23472 | Lair:3   | Received a gift from Okawaru
 24743 | Lair:4   | Found a staircase to the Snake Pit.
 24827 | Lair:4   | Found a staircase to the Shoals.
 24888 | Lair:4   | Reached skill level 1 in Invocations
 25162 | Lair:5   | Found a hazy altar of Hepliaklqana.
 25731 | Lair:5   | Received a gift from Okawaru
 25870 | Lair:5   | Got a dazzling helmet
 25899 | Lair:5   | Identified the +2 helmet of Charity {MR+ Str+4} (You found it on level 5 of the Lair of Beasts)
 26100 | Lair:6   | Entered Level 6 of the Lair of Beasts
 26321 | Lair:5   | Reached skill level 5 in Invocations
 27472 | Lair:6   | Found a runed door.
 27893 | Lair:6   | Gained mutation: You have a pair of small horns on your head. [demonic ancestry]
 27893 | Lair:6   | Reached XP level 15. HP: 109/110 MP: 21/21
 27957 | Lair:6   | HP: 4/110 [elephant (9)]
 27959 | Lair:6   | Slain by a dire elephant

Skill      XL: |  1  2  3  4  5  6  7  8  9 10 11 12 13 14 15 |
---------------+----------------------------------------------+-----
Long Blades    | 2 3 4 5 7 8 10 11 12 13 | 13.0
Armour         | 4 5 6 9 10 11 12 13 | 13.1
Shields        | 4 6 7 10 11 13 | 13.0
Evocations     | 5 8 |  8.0
Fighting       | 8 |  8.1
Invocations    | 6 |  6.3

Action                   |  1- 3 |  4- 6 |  7- 9 | 10-12 | 13-15 || total
-------------------------+-------+-------+-------+-------+-------++-------
Melee: Long sword        |    97 |   167 |   672 |   378 |       ||  1314
       Scimitar          |       |       |       |   414 |   996 ||  1410
       Headbutt          |       |       |       |       |    22 ||    22
Invok: Heroism           |       |       |     2 |    30 |    23 ||    55
       Finesse           |       |       |       |       |     1 ||     1
 Abil: Evoke Berserk Rag |       |       |     1 |     9 |     5 ||    15
       Evoke Invisibilit |       |       |       |       |     1 ||     1
Evoke: Wand              |       |       |     1 |    13 |     2 ||    16
  Use: Scroll            |     4 |     7 |     8 |     5 |    15 ||    39
       Potion            |       |     1 |     3 |     4 |     1 ||     9
 Stab: Distracted        |       |       |     4 |     6 |     7 ||    17
  Eat: Chunk             |     2 |     2 |    12 |    14 |    18 ||    48
       Bread ration      |       |     2 |     3 |     4 |     4 ||    13
Armor: Scale mail        |     6 |    79 |   400 |   388 |   422 ||  1295
       Ring mail         |    28 |    10 |       |       |       ||    38
Dodge: Dodged            |    36 |    49 |   221 |   258 |   354 ||   918
Block: Shield            |    51 |    87 |   388 |   506 |   710 ||  1742
       Reflection        |       |       |       |       |     8 ||     8
       Rpst.: Long sword |    10 |    17 |    58 |    41 |       ||   126
       Scimitar          |       |       |       |    31 |    64 ||    95
